Map: [ESL] Dynasty

Players

MeomaikA

  • Race: Zerg Zerg
  • Spawn Location: 7:00

XYXY - Winner!

  • Race: Terran Terran
  • Spawn Location: 1:00

Event: ESL SC2 Masters 2024 Spring (Regional)

VOD

Have the link to the VOD?

Description

Time

  • Played on: April 11, 2024, 8:18 a.m.
  • Length: 28:27
Show
View Real Time Build Order
Export as new Build Order

MeomaikA Zerg 

Build Orders: Pool First 

Get SALT Encoding   

  12  0:00  Drone  
  13  0:12  Overlord  
  13  0:16  Drone  
  14  0:30  Drone x2  
  14  0:34  Drone  
  17  0:43  Spawning Pool  
  17  0:46  Drone  
  17  1:07  Hatchery  
  17  1:09  Drone  
  17  1:11  Extractor  
  17  1:14  Drone  
  17  1:18  Drone  
  18  1:30  Roach Warren  
  18  1:31  Zergling x2  
  18  1:41  Queen  
  18  1:46  Drone  
  21  1:56  Overlord  
  20  2:17  Roach x2  
  20  2:18  Queen  
  26  2:25  Drone  
  26  2:26  Drone  
  28  2:30  Drone  
  28  2:34  Metabolic Boost  
  29  2:38  Drone  
  30  2:47  Drone  
  30  2:48  Drone  
  32  2:57  Drone x3  
  32  2:58  Overlord  
  35  3:06  Overlord  
  35  3:16  Hatchery  
  34  3:20  Drone x3  
  34  3:22  Drone  
  34  3:26  Drone x2  
  40  3:31  Drone x2  
  42  3:35  Zergling x6  
  42  3:38  Zergling x2  
  46  3:42  Zergling x2  
  46  3:46  Evolution Chamber  
  46  3:47  Zergling x2, Evolution Chamber  
  46  3:54  Overlord, Ravager x2  
  48  3:59  Drone x3  
  48  4:01  Extractor  
  50  4:08  Drone x2  
  52  4:11  Overlord  
  52  4:17  Overlord  
  52  4:18  Drone x2  
  54  4:25  Zerg Ground Armor Level 1  
  54  4:28  Hatchery  
  54  4:29  Queen  
  55  4:33  Drone x2  
  55  4:35  Drone  
  55  4:36  Drone  
  55  4:38  Drone  
  60  4:40  Drone  
  60  4:44  Drone  
  62  4:47  Drone  
  62  4:48  Drone  
  62  4:49  Zergling x2  
  62  4:50  Zergling x2  
  66  4:53  Drone x2  
  66  4:58  Spore Crawler  
  66  4:59  Zergling x2  
  68  5:00  Spore Crawler  
  68  5:01  Zerg Melee Weapons Level 1  
  68  5:04  Spore Crawler  
  66  5:12  Zergling x10  
  66  5:13  Zergling x6  
  71  5:15  Zergling x2  
  71  5:17  Zergling x2  
  70  5:21  Overlord  
  70  5:22  Lair  
  70  5:26  Drone  
  71  5:32  Spore Crawler, Extractor  
  71  5:34  Drone x3  
  72  5:43  Overlord  
  72  5:46  Drone x3, Queen  
  72  5:47  Overlord  
  77  5:52  Roach x2, Zergling x2  
  77  5:53  Zergling x4  
  77  5:54  Overlord  
  77  5:55  Zergling x8  
  82  6:05  Zergling x2  
  82  6:08  Drone x4  
  82  6:09  Overlord  
  85  6:12  Drone  
  85  6:13  Drone  
  85  6:14  Ravager x2, Drone  
  85  6:15  Drone x2  
  88  6:22  Queen x2  
  91  6:28  Hydralisk Den  
  89  6:41  Spore Crawler  
  89  6:44  Overlord  
  89  6:46  Drone, Extractor  
  89  6:47  Drone x5  
  89  6:48  Drone  
  89  6:49  Zerg Missile Weapons Level 1  
  89  6:51  Extractor  
  89  6:59  Zergling x4  
  89  7:00  Drone  
  85  7:07  Overlord  
  85  7:08  Zergling x4, Drone x2  
  86  7:10  Hydralisk x2  
  86  7:13  Hydralisk x2  
  95  7:16  Hydralisk  
  95  7:18  Drone x2  
  99  7:27  Hydralisk  
  98  7:31  Spore Crawler  
  98  7:32  Hydralisk, Drone x3  
  98  7:34  Drone x3  
  98  7:35  Drone x3  
  106  7:40  Drone  
  106  7:44  Drone x2  
  109  7:50  Pneumatized Carapace  
  109  7:51  Zergling x2  
  109  7:52  Zergling x6  
  109  7:55  Zergling x4  
  115  8:00  Zergling x6  
  115  8:01  Zergling x4  
  115  8:02  Zergling x8  
  115  8:05  Grooved Spines  
  121  8:08  Zergling x4  
  121  8:09  Zergling x2  
  121  8:11  Zerg Melee Weapons Level 2  
  124  8:13  Extractor  
  124  8:14  Overlord, Queen  
  124  8:19  Hydralisk  
  127  8:21  Overlord x2  
  127  8:22  Overlord  
  127  8:26  Overlord  
  127  8:29  Overlord  
  127  8:39  Hatchery  
  126  8:41  Hydralisk x2  
  126  8:42  Hydralisk  
  126  8:44  Hydralisk  
  126  8:48  Zergling x16  
  141  8:50  Zergling x2  
  141  8:52  Queen  
  141  8:53  Zergling x2  
  141  8:55  Muscular Augments  
  144  8:56  Hatchery  
  142  9:08  Hydralisk x5  
  152  9:11  Zergling x2  
  152  9:12  Zergling x10  
  152  9:13  Hydralisk  
  160  9:19  Extractor  
  160  9:23  Zergling x2  
  160  9:24  Zergling x10  
  165  9:28  Drone x2  
  165  9:29  Extractor  
  165  9:30  Drone x2  
  168  9:31  Overlord  
  168  9:33  Overlord  
  168  9:34  Baneling Nest  
  168  9:36  Hydralisk, Infestation Pit  
  167  9:41  Hydralisk  
  167  9:44  Overlord  
  167  9:45  Zerg Ground Armor Level 2  
  167  9:48  Overlord  
  167  9:53  Hydralisk x2  
  169  10:01  Hydralisk x3  
  169  10:03  Hydralisk  
  169  10:06  Hydralisk  
  141  10:15  Zergling x12  
  141  10:16  Zergling x14  
  134  10:22  Hydralisk x2  
  134  10:25  Hydralisk x3  
  134  10:27  Hydralisk x2  
  141  10:32  Drone  
  141  10:33  Drone x3  
  141  10:35  Drone  
  144  10:38  Zerg Missile Weapons Level 2  
  144  10:40  Drone x2  
  144  10:41  Drone  
  143  10:43  Zergling x4  
  143  10:45  Drone x2  
  143  10:47  Drone x2  
  143  10:48  Drone  
  150  10:57  Hydralisk x4  
  150  10:58  Zergling x2  
  150  11:01  Hydralisk  
  150  11:02  Zergling x4  
  150  11:03  Hydralisk  
  165  11:07  Hydralisk x2  
  165  11:09  Zergling x2  
  170  11:18  Hydralisk x5  
  165  11:19  Hydralisk  
  165  11:21  Hydralisk  
  165  11:22  Zergling x2  
  165  11:23  Zergling x2  
  165  11:24  Zergling x2  
  165  11:25  Zergling x4  
  178  11:27  Hydralisk  
  178  11:28  Zergling x2  
  178  11:30  Zergling x4  
  183  11:36  Hive  
  183  11:37  Zergling x8  
  183  11:39  Zergling x2  
  187  11:40  Zergling x6  
  187  11:42  Zergling x4  
  175  11:49  Zergling x2  
  175  11:50  Zergling x18  
  175  11:51  Hydralisk  
  175  11:53  Hydralisk x2  
  171  11:59  Zergling x4  
  171  12:00  Overlord  
  175  12:01  Hydralisk x2  
  175  12:02  Hydralisk  
  168  12:15  Zergling x2  
  168  12:16  Zergling x22, Overlord  
  180  12:26  Drone x3  
  183  12:34  Hydralisk  
  183  12:35  Hydralisk x7, Zergling x2  
  196  12:52  Hydralisk  
  196  12:53  Zergling x4  
  196  12:57  Zergling x6  
  196  12:58  Zergling x8  
  182  12:59  Hydralisk  
  182  13:00  Hydralisk x9  
  182  13:01  Zergling x4  
  182  13:05  Hydralisk x5  
  186  13:06  Zergling x2  
  186  13:09  Zergling x4  
  192  13:13  Viper x2  
  192  13:17  Spore Crawler  
  192  13:18  Spore Crawler  
  192  13:19  Spore Crawler  
  190  13:20  Spore Crawler x2  
  190  13:21  Hydralisk Den  
  190  13:25  Zerg Missile Weapons Level 3  
  187  13:27  Drone x3  
  187  13:28  Extractor  
  187  13:32  Zergling x12  
  178  13:42  Zergling x2  
  178  13:43  Zergling x18  
  188  13:57  Hatchery  
  161  14:18  Hydralisk  
  161  14:19  Hydralisk x17  
  161  14:20  Hydralisk  
  161  14:22  Hydralisk  
  161  14:23  Zergling x2  
  180  14:26  Hydralisk  
  178  14:34  Hydralisk x4  
  178  14:37  Hydralisk x2  
  190  14:46  Zerg Ground Armor Level 3  
  190  14:54  Zergling x2  
  190  14:55  Zergling x18  
  200  15:00  Extractor  
  200  15:06  Zergling x2  
  185  15:24  Zergling x2  
  185  15:25  Zergling x32  
  185  15:28  Zergling x4  
  195  15:33  Zergling x2  
  195  15:34  Zergling x16  
  159  15:35  Hydralisk x2  
  159  15:36  Hydralisk x2  
  159  15:39  Hydralisk x2  
  159  15:41  Viper x4  
  164  15:49  Hydralisk, Drone x3  
  169  15:50  Hydralisk x2  
  167  16:03  Hydralisk x2  
  160  16:05  Hydralisk x2  
  160  16:06  Hydralisk x2  
  160  16:09  Hydralisk x3  
  160  16:11  Zergling x8  
  162  16:13  Hydralisk  
  162  16:24  Spore Crawler, Drone x3  
  164  16:27  Hydralisk x4  
  164  16:28  Hydralisk  
  174  16:37  Ultralisk Cavern  
  173  16:43  Hydralisk x5  
  173  16:45  Zergling x12  
  185  17:05  Zergling x36, Hydralisk  
  182  17:20  Hydralisk  
  182  17:21  Hydralisk x9  
  182  17:22  Hydralisk  
  180  17:27  Hydralisk x2  
  164  17:32  Hydralisk x2  
  164  17:33  Hydralisk x2  
  170  17:38  Adrenal Glands  
  166  17:46  Drone x2  
  166  17:47  Drone x3  
  166  17:50  Extractor, Drone x3  
  165  18:13  Hydralisk x13  
  165  18:19  Zergling x2  
  166  18:20  Zergling x20  
  166  18:26  Hydralisk x3  
  180  18:28  Zergling x6  
  180  18:30  Zergling x4  
  180  18:33  Zergling x2  
  180  18:34  Zergling x6  
  181  18:36  Zergling x2, Hydralisk  
  183  18:49  Hydralisk x3  
  183  18:50  Hydralisk x5  
  198  19:02  Zergling x28  
  192  19:03  Zergling x2  
  192  19:06  Zergling x2  
  192  19:08  Zergling x2  
  194  19:14  Ultralisk Cavern  
  189  19:25  Overlord, Viper x2  
  195  19:39  Hatchery  
  166  19:53  Zergling x40  
  174  20:00  Zergling x6  
  174  20:01  Hydralisk  
  174  20:05  Hydralisk  
  174  20:06  Hydralisk x6  
  175  20:11  Hydralisk  
  165  20:18  Hydralisk x5  
  169  20:25  Hydralisk  
  169  20:28  Hydralisk x2  
  156  20:29  Hydralisk x2  
  156  20:36  Hydralisk  
  156  20:37  Hydralisk x3, Hydralisk Den  
  162  20:45  Hydralisk  
  158  20:52  Hydralisk x2  
  148  21:02  Hydralisk x4  
  135  21:04  Hydralisk  
  135  21:08  Hydralisk  
  137  21:17  Hydralisk x2  
  141  21:20  Hydralisk x3  
  143  21:25  Hydralisk  
  143  21:26  Hydralisk  
  145  21:36  Zergling x10  
  150  21:40  Extractor x2  
  150  21:44  Hydralisk x2  
  150  21:45  Hydralisk  
  154  21:48  Zergling x2  
  154  21:54  Zergling x2  
  140  22:06  Zergling x2  
  140  22:07  Zergling x12  
  141  22:15  Zergling x2  
  141  22:16  Zergling x6  
  145  22:22  Hatchery  
  145  22:23  Zergling x2  
  145  22:24  Zergling x4  
  145  22:26  Zergling x2  
  148  22:33  Hydralisk  
  148  22:34  Hydralisk  
  148  22:36  Hydralisk x2  
  148  22:37  Hydralisk  
  147  22:55  Drone x2  
  147  22:56  Viper x2  
  147  22:57  Drone x2  
  147  22:58  Zergling x8  
  161  22:59  Zergling x2  
  162  23:07  Drone  
  162  23:08  Drone  
  162  23:10  Zergling x6  
  143  23:28  Hydralisk  
  143  23:29  Hydralisk x4, Zergling x2  
  143  23:30  Zergling x6  
  157  23:41  Hydralisk x2  
  157  23:45  Drone x2  
  157  23:46  Drone x5  
  168  23:50  Hydralisk  
  170  23:59  Hydralisk x2  
  170  24:01  Zergling x14  
  177  24:14  Zergling x10  
  177  24:16  Spore Crawler  
  180  24:17  Hydralisk  
  180  24:22  Hydralisk x2  
  184  24:27  Hydralisk  
  184  24:30  Hydralisk, Zergling x2  
  184  24:31  Zergling x6  
  171  24:48  Hydralisk x2, Zergling x2  
  171  24:49  Hydralisk  
  171  24:50  Zergling x12  
  155  24:53  Zergling x2  
  127  25:00  Zergling x6, Hydralisk  
  127  25:07  Hydralisk x2  
  127  25:09  Zergling x4  
  127  25:12  Extractor, Drone x3  
  131  25:14  Zergling x2, Extractor  
  131  25:19  Hydralisk x2  
  128  25:24  Zergling x6  
  131  25:30  Hydralisk x2  
  131  25:31  Zergling x2  
  131  25:34  Zergling x4  
  131  25:35  Hatchery  
  136  25:40  Hydralisk  
  136  25:42  Zergling x6  
  141  25:47  Spore Crawler  
  141  25:48  Zergling x4  
  141  25:49  Zergling x2  
  142  25:50  Zergling x2  
  142  25:52  Zergling x2  
  142  25:55  Zergling x2  
  105  26:22  Hydralisk x7  
  105  26:23  Zergling x8  
  121  26:28  Drone x2  
  121  26:29  Extractor, Drone  
  121  26:32  Zergling x2  
  124  26:52  Hydralisk x2  
  124  26:53  Zergling x16  
  136  26:55  Extractor  
  136  26:57  Zergling x6  
  97  27:25  Zergling x26  
  100  27:31  Hydralisk  
  100  27:33  Zergling x2  
  100  27:34  Zergling x4  
  97  27:37  Hydralisk  
  97  27:38  Hydralisk  
  95  27:51  Hydralisk  
Show
View Real Time Build Order
Export as new Build Order

XYXY Terran - Winner!

Build Orders: Reaper Expand, Mech 

Get SALT Encoding   

  12  0:00  SCV  
  13  0:12  SCV  
  14  0:17  Supply Depot  
  14  0:24  SCV  
  15  0:38  SCV  
  15  0:39  Barracks  
  15  0:42  Refinery  
  16  0:50  SCV  
  17  1:03  SCV  
  18  1:15  SCV  
  19  1:26  Reaper  
  19  1:27  Orbital Command  
  20  1:40  Command Center  
  20  1:52  SCV, Supply Depot  
  21  1:58  Marine  
  22  2:04  SCV  
  23  2:16  SCV  
  23  2:19  Factory  
  24  2:23  Barracks Reactor  
  24  2:28  SCV  
  24  2:29  Refinery  
  25  2:40  SCV  
  26  2:49  Bunker  
  26  2:53  SCV  
  26  2:56  Bunker  
  27  2:59  Marine x2  
  27  3:04  Cyclone  
  27  3:05  SCV  
  32  3:07  Orbital Command  
  32  3:08  Starport  
  32  3:17  SCV, Supply Depot, Marine x2  
  34  3:29  SCV  
  35  3:35  SCV  
  35  3:37  Factory Tech Lab  
  37  3:41  SCV  
  37  3:48  SCV  
  38  3:49  Fusion Core  
  38  3:53  SCV  
  39  3:59  Refinery  
  39  4:00  SCV  
  40  4:05  SCV  
  40  4:07  Command Center  
  39  4:11  Banshee  
  42  4:19  SCV x2  
  44  4:31  SCV x2  
  46  4:32  Factory Tech Lab, Marine x2  
  46  4:34  Supply Depot  
  48  4:43  SCV x2  
  50  4:50  Marine  
  50  4:56  Battlecruiser  
  57  5:00  SCV x2  
  58  5:12  SCV  
  59  5:18  SCV  
  60  5:24  SCV  
  60  5:26  Supply Depot  
  61  5:29  Siege Tank  
  61  5:30  SCV  
  61  5:34  Armory  
  65  5:36  SCV  
  65  5:41  Marine x2  
  65  5:42  SCV  
  69  5:46  Refinery  
  69  5:49  SCV, Refinery  
  70  5:53  Armory  
  70  5:54  SCV  
  71  6:01  SCV, Siege Tank  
  72  6:12  SCV  
  72  6:14  Marine  
  72  6:15  Marine  
  75  6:21  SCV  
  75  6:24  SCV, Orbital Command, Factory  
  77  6:25  Factory  
  77  6:26  Refinery  
  77  6:27  Refinery  
  77  6:29  Bunker  
  77  6:33  SCV  
  77  6:34  Siege Tank  
  77  6:36  SCV  
  82  6:44  Marine x2  
  82  6:45  SCV  
  85  6:47  Terran Vehicle Weapons Level 1  
  85  6:49  Supply Depot  
  85  6:54  SCV  
  86  6:57  SCV  
  87  7:03  Terran Vehicle And Ship Armor Level 1  
  87  7:06  SCV  
  83  7:09  SCV  
  83  7:14  Supply Depot  
  83  7:15  Supply Depot  
  83  7:18  SCV  
  83  7:19  Factory Tech Lab, Factory Reactor  
  83  7:21  SCV  
  84  7:30  SCV  
  84  7:33  SCV  
  84  7:35  SCV  
  87  7:40  Supply Depot  
  87  7:41  Supply Depot  
  87  7:42  SCV, Siege Tank x2  
  94  7:45  SCV  
  94  7:47  SCV  
  96  7:53  Battlecruiser  
  96  7:54  SCV  
  103  7:59  SCV  
  108  8:06  Widow Mine x2, SCV x2  
  108  8:09  Engineering Bay  
  108  8:11  SCV  
  111  8:14  Supply Depot  
  111  8:17  Supply Depot  
  111  8:18  SCV x2  
  113  8:20  Weapon Refit  
  113  8:26  SCV  
  114  8:29  Siege Tank  
  114  8:30  Siege Tank  
  120  8:35  SCV x2  
  120  8:38  Supply Depot  
  120  8:39  Supply Depot  
  122  8:42  Refinery  
  122  8:43  Bunker  
  122  8:44  Terran Vehicle Weapons Level 2  
  122  8:46  Widow Mine, Refinery  
  124  8:50  Missile Turret  
  124  8:51  Missile Turret  
  124  8:52  Missile Turret  
  124  8:54  Missile Turret  
  124  8:57  Missile Turret  
  124  9:00  Terran Vehicle And Ship Armor Level 2  
  124  9:01  Missile Turret  
  124  9:05  Hellion x3  
  124  9:08  Missile Turret  
  130  9:10  SCV x3  
  130  9:14  Command Center  
  133  9:20  Bunker, Missile Turret  
  133  9:27  Battlecruiser  
  139  9:34  Siege Tank  
  142  9:48  SCV  
  142  9:52  Siege Tank  
  146  9:56  Command Center  
  144  10:01  SCV x3  
  144  10:06  Siege Tank  
  139  10:10  Orbital Command  
  139  10:13  SCV  
  139  10:14  SCV  
  129  10:18  Hellion  
  115  10:24  Siege Tank  
  115  10:25  SCV  
  115  10:26  SCV  
  116  10:35  Hellion  
  116  10:38  SCV x2, Battlecruiser  
  116  10:39  SCV, Siege Tank  
  116  10:42  Supply Depot  
  128  10:50  SCV  
  128  10:53  Refinery, Marine x2  
  128  10:54  Bunker  
  128  10:55  Bunker  
  128  10:56  Hellion  
  135  10:57  SCV, Bunker, Hellion  
  135  10:58  Orbital Command  
  135  11:03  Command Center  
  136  11:04  SCV x2  
  136  11:07  Terran Vehicle Weapons Level 3  
  136  11:08  Hellion  
  136  11:09  SCV  
  136  11:11  Hellion  
  143  11:16  SCV x2  
  136  11:21  SCV  
  136  11:23  SCV  
  127  11:28  SCV  
  127  11:29  SCV, Siege Tank  
  132  11:34  SCV  
  132  11:35  SCV  
  132  11:37  Terran Vehicle And Ship Armor Level 3  
  134  11:40  SCV  
  134  11:41  SCV  
  128  11:47  SCV  
  128  11:50  Missile Turret  
  128  11:52  Battlecruiser  
  128  11:53  Siege Tank  
  132  11:56  SCV x2  
  132  11:57  SCV  
  132  11:59  SCV  
  136  12:08  SCV, Factory  
  136  12:09  SCV x2  
  136  12:13  Factory  
  136  12:14  SCV  
  136  12:15  Siege Tank  
  138  12:20  SCV  
  138  12:21  SCV x2  
  141  12:24  Command Center  
  141  12:25  Siege Tank  
  141  12:26  SCV  
  144  12:33  SCV  
  144  12:37  Widow Mine x2  
  147  12:39  SCV x3  
  150  12:45  SCV  
  150  12:47  Siege Tank  
  152  12:53  SCV x2  
  152  12:55  SCV  
  152  12:57  SCV, Siege Tank  
  136  12:58  Orbital Command  
  112  13:05  SCV  
  112  13:06  Hellion x2  
  112  13:07  SCV  
  112  13:11  SCV  
  116  13:18  SCV  
  116  13:19  SCV, Siege Tank  
  118  13:20  Factory Tech Lab  
  118  13:22  Battlecruiser  
  118  13:23  SCV  
  126  13:27  SCV  
  126  13:28  Drilling Claws  
  126  13:29  Siege Tank  
  126  13:30  SCV  
  126  13:31  SCV  
  131  13:35  SCV  
  127  13:44  Siege Tank, Terran Ship Weapons Level 1  
  127  13:45  SCV  
  127  13:46  SCV x2  
  127  13:47  SCV  
  134  13:51  Siege Tank  
  137  13:58  SCV x3  
  137  14:01  SCV  
  141  14:04  Siege Tank  
  142  14:10  SCV x3  
  142  14:13  SCV  
  142  14:16  Siege Tank  
  146  14:22  SCV  
  146  14:23  SCV, Siege Tank  
  136  14:33  SCV x2  
  136  14:34  SCV  
  136  14:35  SCV  
  136  14:36  Siege Tank  
  140  14:45  SCV x2  
  142  14:46  SCV  
  142  14:47  SCV  
  142  14:48  Siege Tank  
  142  14:50  Hellion x2  
  142  14:51  Hellion  
  142  14:52  Battlecruiser  
  159  14:54  Refinery  
  159  14:55  Planetary Fortress, Refinery  
  159  15:04  SCV  
  159  15:06  Siege Tank  
  163  15:17  Siege Tank  
  160  15:23  Siege Tank  
  163  15:30  Command Center  
  140  15:38  Siege Tank  
  140  15:39  Hellion x3  
  140  15:41  Command Center  
  148  15:44  Terran Ship Weapons Level 2  
  148  15:46  Orbital Command  
  148  15:51  Siege Tank  
  148  15:53  SCV x3, Hellion  
  147  16:10  SCV x2, Siege Tank  
  140  16:12  SCV x2  
  140  16:22  SCV x2  
  140  16:24  SCV  
  146  16:27  Siege Tank  
  146  16:28  SCV  
  150  16:34  SCV  
  150  16:38  Battlecruiser  
  154  16:40  Siege Tank  
  157  16:48  Siege Tank  
  160  16:54  SCV x3, Refinery  
  160  16:55  SCV  
  164  17:06  SCV x2  
  164  17:07  Siege Tank, Orbital Command  
  169  17:12  Siege Tank  
  159  17:22  Siege Tank  
  141  17:32  SCV  
  141  17:33  SCV x3  
  145  17:40  Refinery  
  145  17:44  Thor  
  145  17:45  SCV x3  
  154  17:53  Missile Turret  
  154  17:56  Sensor Tower  
  154  17:57  Missile Turret  
  154  18:01  Battlecruiser  
  154  18:03  Siege Tank  
  148  18:22  SCV  
  148  18:23  SCV x2  
  151  18:31  SCV, Siege Tank x2  
  158  18:34  SCV  
  158  18:35  SCV x2  
  161  18:41  Thor  
  161  18:42  Hellion x2  
  161  18:43  SCV  
  161  18:46  SCV  
  161  18:47  SCV  
  174  18:54  SCV  
  175  18:55  SCV  
  175  18:58  SCV  
  175  19:02  Thor  
  168  19:04  SCV  
  168  19:05  Siege Tank  
  168  19:09  Planetary Fortress  
  178  19:11  SCV x2  
  178  19:16  SCV  
  181  19:24  Siege Tank  
  181  19:25  Battlecruiser  
  190  19:31  Refinery x2  
  190  19:39  Orbital Command  
  190  19:42  Siege Tank  
  193  19:45  Siege Tank  
  181  19:56  Siege Tank  
  140  20:14  Siege Tank  
  140  20:15  Hellion  
  140  20:18  Siege Tank  
  148  20:34  Orbital Command  
  145  20:42  Orbital Command  
  136  21:11  Supply Depot  
  133  21:12  Supply Depot x2  
  133  21:13  Supply Depot x2  
  133  21:16  Supply Depot  
  132  21:26  Neosteel Armor  
  132  21:28  Orbital Command  
  132  21:33  SCV x2, Siege Tank x2, Battlecruiser  
  146  21:43  Command Center  
  146  21:45  SCV x2  
  148  21:48  Siege Tank  
  148  21:49  Hellion x4  
  148  21:50  Sensor Tower, Command Center  
  148  21:51  Missile Turret x2  
  159  21:58  SCV  
  155  22:01  Command Center  
  155  22:02  SCV  
  155  22:06  Refinery  
  156  22:09  Refinery  
  156  22:33  SCV x2  
  146  22:38  Battlecruiser  
  146  22:42  Siege Tank  
  146  22:44  Hellbat, Hellion x2  
  155  22:45  SCV  
  156  22:53  Supply Depot  
  156  22:55  SCV, Hellbat, Hellion x2  
  156  22:57  Supply Depot  
  156  22:58  SCV  
  164  22:59  Supply Depot  
  164  23:00  Orbital Command  
  164  23:05  Hellion x2  
  168  23:06  Hi-Sec Auto Tracking  
  168  23:10  SCV  
  169  23:14  Siege Tank  
  166  23:22  SCV  
  166  23:26  Siege Tank  
  170  23:30  Orbital Command  
  170  23:34  SCV  
  170  23:40  Siege Tank  
  168  23:42  Battlecruiser  
  168  23:46  Siege Tank  
  177  23:55  Command Center  
  174  24:07  Siege Tank  
  177  24:16  Orbital Command  
  178  24:18  Siege Tank  
  181  24:32  Hellion x2  
  181  24:35  Command Center  
  175  24:49  Smart Servos, Infernal Pre-Igniter  
  148  24:52  Siege Tank x2  
  148  24:59  Siege Tank  
  143  25:01  Hellion  
  139  25:10  Hellion  
  134  25:23  Hellion x2  
  134  25:24  Siege Tank, Hellion  
  134  25:25  SCV, Hellion  
  146  25:50  Siege Tank  
  143  26:04  SCV, Refinery  
  143  26:08  SCV  
  143  26:10  Orbital Command  
  143  26:14  Refinery  
  143  26:16  SCV  
  140  26:20  SCV  
  140  26:22  Hellion x2  
  131  26:28  SCV  
  131  26:32  SCV  
  133  26:33  Battlecruiser  
  133  26:36  SCV  
  133  26:37  Planetary Fortress  
  140  26:40  SCV  
  140  26:44  SCV  
  142  26:48  SCV  
  143  26:56  SCV x2  
  143  27:00  SCV  
  146  27:11  Siege Tank x3  
  137  27:35  SCV x2  
  136  27:43  Siege Tank x2  
  145  27:45  SCV  
  148  28:09  SCV  
Tags
 
Add a new tag
Caveats
  • Supply blocks, unpowered buildings, or Contaminate may cause inaccurate times.
  • Supply counts are checked every 10 seconds.